AoeStats
← kkkkkkkkkkkkkkkkk

MegaRandom

508896034Analyzed
2v2 RM · 6d ago on Sep 24, 2026· 50m 22s· 4 players
Game mode
Random Map
Map size
Medium (4 player)
Population
200
Speed
Normal
Resources
Standard
Victory
Conquest
Starting age
Dark Age
Ending age
Imperial Age
RankedLock teamsTeams togetherTeam positionsShared explorationLock speedFull tech treeHidden civsTurbo modeCheats
Victory
Defeat
🇳🇱 Chinese · Netherlands
839
+18
🇬🇧 Khmer · United Kingdom
839
+18
🇷🇺 Aztecs · Russia
887
-18
🇷🇺 Wei · Russia
887
-18
kkkkkkkkkkkkkkkkk
10:37 Feudal Age
13:54 Horse Collar
14:48 Loom
15:41 Double-Bit Axe
25:45 Castle Age
25:29 Stone Mining
25:33 Gold Mining
25:52 Padded Archer Armor
25:43 Fletching
25:53 Crossbowman
27:11 Squires
27:34 Pikeman
28:17 Scale Mail Armor
28:28 Forging
28:15 Bodkin Arrow
28:22 Gambesons
32:36 Iron Casting
32:16 Chain Mail Armor
35:45 Ballistics
41:31 Imperial Age
41:47 Elite Jaguar Warrior
42:18 Arbalester
44:37 Chemistry
46:04 Garland Wars
46:41 Leather Archer Armor
49:15 Bracer
p1ton
9:57 Feudal Age
8:15 Loom
10:00 Feudal Age
11:55 Double-Bit Axe
16:12 Castle Age
20:54 Stone Mining
23:30 Horse Collar
26:06 Husbandry
26:16 Bloodlines
27:11 Pikeman
27:52 Squires
28:06 Gold Mining
28:23 Heavy Plow
29:53 Scale Barding Armor
31:30 Forging
34:33 Wheelbarrow
36:05 Fletching
37:30 Thumb Ring
40:52 Light Cavalry
42:14 Gold Mining
42:29 Bodkin Arrow
47:36 Chain Barding Armor
47:52 Iron Casting
Ryanツ
10:32 Feudal Age
11:49 Wheelbarrow
11:00 Double-Bit Axe
18:29 Castle Age
19:42 Hand Cart
24:29 Fletching
27:57 Scale Mail Armor
28:08 Forging
27:52 Stone Mining
29:22 Squires
31:43 Horse Collar
32:27 Bow Saw
33:28 Town Watch
36:58 Imperial Age
35:27 Gold Mining
35:41 Heavy Plow
37:04 Padded Archer Armor
39:08 Ballistics
39:49 Chemistry
40:50 Bodkin Arrow
40:32 Elite Chu Ko Nu
41:17 Arrowslits
41:45 Masonry
42:41 Rocketry
42:42 Town Patrol
43:11 Elite Fire Lancer
45:01 Iron Casting
45:02 Heavy Rocket Cart
46:42 Bracer
46:58 Leather Archer Armor
47:44 Blast Furnace
47:00 Chain Mail Armor
49:11 Architecture
50:21 Conscription
retro
11:12 Feudal Age
11:45 Double-Bit Axe
12:38 Wheelbarrow
14:39 Horse Collar
19:08 Castle Age
24:55 Bow Saw
26:03 Heavy Plow
30:48 Forging
33:00 Hand Cart
34:34 Fletching
36:49 Ballistics
37:39 Fortified Wall
40:22 Imperial Age
37:49 Gold Mining
40:25 Elite Ballista Elephant
41:36 Double Crossbow
43:57 Gold Shaft Mining
Connection lost

Rejoining the realm…

Still unreachable

The connection could not be restored.

Session expired

The server has moved on; the page needs a fresh start.